AoeStats
← Hsgdup!!!!

Nomad

509377267Analyzed
4v4 RM · 6d ago on Sep 26, 2026· 35m 43s· 8 players
Game mode
Random Map
Map size
231×231
Population
200
Speed
Normal
Resources
Standard
Victory
Conquest
Starting age
Dark Age
Ending age
Imperial Age
RankedLock teamsTeams togetherTeam positionsShared explorationLock speedFull tech treeHidden civsTurbo modeCheats
Victory
Defeat
🇹🇼 Saxons · Taiwan
1299
+11
🇹🇼 Varangians · Taiwan
1145
+17
🇹🇼 Danes · Taiwan
1145
+17
🇹🇼 Muisca · Taiwan
1140
+17
🇦🇷 Mapuche · Argentina
1260
-19
🇦🇷 Koreans · Argentina
1190
-16
🇦🇷 Persians · Argentina
1127
-14
🇦🇷 Byzantines · Argentina
1115
-13
Zool
6:27 Loom
14:28 Feudal Age
15:46 Fishing Lines
16:23 Double-Bit Axe
22:31 Castle Age
22:04 Padded Archer Armor
23:17 Leather Archer Armor
22:55 Fletching
23:21 Medium Warships
24:40 Scale Barding Armor
25:11 Forging
25:58 Bodkin Arrow
26:26 Chain Barding Armor
27:30 Iron Casting
acaniglia
4:22 Loom
13:58 Feudal Age
20:59 Castle Age
24:24 Elite Skirmisher
25:00 Fletching
25:08 Gold Mining
31:27 Forging
37:13 Imperial Age
Hsgdup!!!!
8:14 Loom
17:16 Feudal Age
22:49 Double-Bit Axe
Pryzma
8:00 Loom
13:43 Feudal Age
14:59 Double-Bit Axe
17:34 Castle Age
16:31 Fletching
16:43 Fishing Lines
18:24 Bodkin Arrow
19:13 Bow Saw
34:02 Gillnets
35:44 Wheelbarrow
34:54 Town Watch
alucard4566
4:40 Loom
13:43 Feudal Age
19:06 Castle Age
17:19 Scale Barding Armor
18:31 Double-Bit Axe
19:30 Forging
19:32 Bloodlines
20:12 Bow Saw
23:43 Husbandry
24:52 Squires
27:17 Medium Warships
30:15 Wheelbarrow
30:09 Fletching
30:39 Chain Barding Armor
30:57 Iron Casting
31:17 Horse Collar
31:07 Pikeman
32:00 Bodkin Arrow
32:42 Fishing Lines
34:25 Hand Cart
37:31 Imperial Age
35:20 Gold Mining
段水流大師兄
4:26 Loom
12:53 Feudal Age
18:20 Castle Age
16:16 Horse Collar
16:25 Double-Bit Axe
16:42 Gold Mining
18:15 Stone Mining
23:46 Stone Shaft Mining
24:13 Bow Saw
24:50 Wheelbarrow
26:06 Horse Collar
26:51 Fletching
27:02 Padded Archer Armor
28:45 Heavy Plow
33:22 Gold Shaft Mining
34:14 Hand Cart
34:53 Bodkin Arrow
38:36 Imperial Age
yukiro2012
4:52 Loom
12:39 Feudal Age
18:30 Castle Age
18:20 Forging
22:22 Arson
25:02 Squires
26:32 Fletching
28:15 Scale Mail Armor
34:46 Town Watch
35:35 Gambesons
36:08 Chain Mail Armor
99KaiKai
4:29 Loom
14:51 Feudal Age
15:18 Town Watch
15:45 Double-Bit Axe
18:48 Castle Age
20:16 Bow Saw
21:03 Horse Collar
22:34 Wheelbarrow
23:42 Gold Mining
24:38 Stone Mining
26:01 Hand Cart
27:16 Gold Shaft Mining
31:50 Imperial Age
29:32 Scale Mail Armor
29:44 Forging
30:32 Chain Mail Armor
32:16 Iron Casting
31:50 Heavy Plow
31:52 Squires
31:38 Arson
32:54 Conscription
32:01 Shield Wall
32:23 Elite Varangian Guard
33:30 Elite Hearth Troop
35:27 Plate Mail Armor
Connection lost

Rejoining the realm…

Still unreachable

The connection could not be restored.

Session expired

The server has moved on; the page needs a fresh start.